 Dungeon Crawl Stone Soup version 0.30-a0-719-gcc4359ea44 (webtiles) character file.

Game seed: 797118645006291598

95 drewk1942 the Basher (level 4, -11/38 HPs)
             Began as a Gnoll Wanderer on Jan 26, 2023.
             Mangled by a small abomination (18 damage)
             ... on level 1 of the Abyss.
             The game lasted 00:04:00 (1473 turns).

drewk1942 the Basher (Gnoll Wanderer)               Turns: 1473, Time: 00:04:01

Health: -11/38     AC:  4    Str: 28    XL:     4   Next: 66%
Magic:  5/5        EV: 11    Int:  9    God:
Gold:   90         SH:  0    Dex: 11    Spells: 5/5 levels left

rFire   . . .      SeeInvis .    a - +2 mace
rCold   . . .      Faith    .    (no shield)
rNeg    . . .      Spirit   .    e - +0 leather armour
rPois   .          Reflect  .    c - +0 helmet
rElec   .          Harm     .    (no cloak)
rCorr   .          Rampage  .    (no gloves)
Will    .....                    (no boots)
Stlth   ++                       (no amulet)
HPRegen 0.26/turn                o - +6 ring of strength
MPRegen 0.09/turn                s - +6 ring of strength

@: no status effects
A: fangs 1, strong nose, distributed training
a: no special abilities


You were on level 1 of the Abyss.
You visited 1 branch of the dungeon, and saw 2 of its levels.
You visited the Abyss 1 time.

You collected 90 gold pieces.

Inventory:

Hand Weapons
 a - a +2 mace (weapon)
 b - a +0 spear
 v - a +0 hammer
Armour
 c - a +0 helmet (worn)
 e - a +0 leather armour (worn)
Jewellery
 o - a +6 ring of strength (left hand)
 s - a +6 ring of strength (right hand)
 u - a ring of flight
Scrolls
 d - a scroll of blinking
 g - 2 scrolls of teleportation
Potions
 f - a potion of magic
 i - a potion of curing {unknown}
 j - a potion of attraction {unknown}
 m - a potion of degeneration {unknown}
 p - a potion of might {unknown}
 t - a potion of haste {unknown}


   Skills:
 + Level 4.7 Fighting
 + Level 1.2 Short Blades
 + Level 1.2 Long Blades
 + Level 1.2 Axes
 + Level 8.6 Maces & Flails
 + Level 4.7 Polearms
 + Level 1.2 Staves
 + Level 1.2 Ranged Weapons
 + Level 1.2 Throwing
 + Level 1.2 Armour
 + Level 1.2 Dodging
 + Level 4.3 Stealth
 + Level 1.2 Shields
 + Level 1.2 Unarmed Combat
 + Level 1.2 Spellcasting
 + Level 1.0 Conjurations
 + Level 1.0 Hexes
 + Level 1.0 Summonings
 + Level 1.0 Necromancy
 + Level 1.0 Translocations
 + Level 1.0 Transmutations
 + Level 1.0 Fire Magic
 + Level 1.0 Ice Magic
 + Level 1.0 Air Magic
 + Level 1.0 Earth Magic
 + Level 1.0 Poison Magic
 + Level 1.4 Invocations
 + Level 1.2 Evocations


You had 5 spell levels left.
You didn't know any spells.
Your spell library was empty.

Dungeon Overview and Level Annotations

Branches:
Dungeon (2/15)

Altars:
Yredelemnul

Annotations:
D:2 Crazy Yiuf


Innate Abilities, Weirdness & Mutations

You have very sharp teeth.
Your uncanny sense of smell can sniff out nearby items.
Your experience applies equally to all skills.


Message History

Your hearing returns.
You start waiting.
Done waiting.
As you read the scroll labelled NYXTEZ ROLLYSI, it crumbles to dust.
It is a scroll of identify.
f - a potion of magic
As you read the scroll labelled NAAX KUEMEP, it crumbles to dust.
The scroll dissolves into smoke.
It was a scroll of fog.
As you read the scroll labelled NESCHU URYQIE, it crumbles to dust.
You assume a fearsome visage.
Nothing appears to happen.
It was a scroll of fear.
As you read the scroll labelled ROSTRO OPAF, it crumbles to dust.
You hear a loud clanging noise!
It was a scroll of noise.
You hear an angry hiss.
Crazy Yiuf shouts!
Crazy Yiuf yells, "Dawk stair hand!"
Crazy Yiuf grits, "Paint alas noodlescoop!"
Sorry, you're not good enough to have a special ability.
You open the door.
Crazy Yiuf laughs, "Hah high sallow!"
You thump Crazy Yiuf!
Crazy Yiuf is heavily wounded.
Crazy Yiuf hits you with a +3 quarterstaff of chaos!
You are cast into the Abyss!
This branch contains the abyssal rune of Zot.
There is an open translucent door here.
A ynoxinul comes into view.
A tentacled starspawn and a small abomination come into view.
A ynoxinul comes into view.
The ynoxinul bellows!
The small abomination attacks as you move away!
The small abomination hits you!
The ynoxinul gestures.
The small abomination hits you! The small abomination hits you!
* * * LOW HITPOINT WARNING * * *
The ynoxinul gestures.
The small abomination hits you!!
You die...

## .. #. #... #.
........
#.#######......
#.#.##........#
#.5....5.....##
#x##....#.....#..
#@#...#.#........
#.....####..5.......
. ......# ##.#..3 ..
. ...... . .#.#...
#. .....
#.#####....## .
..... .. # ......
#.. .... .. #.##...
... .... . .. ...
... ... ##.........


You could see a small abomination and an ufetubus (summoned).

Vanquished Creatures
  Jessica (D:2)
  3 adders (D:2)
  A dart slug (D:2)
  3 endoplasms
  A giant cockroach (D:1)
  4 goblins
  4 hobgoblins
  6 jackals (D:2)
  A kobold (D:2)
  A ball python (D:1)
  5 bats
  5 frilled lizards
  4 rats
39 creatures vanquished.

Notes
Turn   | Place    | Note
-------+----------+-------------------------------------------
     0 | D:1      | drewk1942 the Gnoll Wanderer began the quest for the Orb.
     0 | D:1      | drewk1942 set off with the following items: a +2 mace, a +0
                  | spear, a +0 helmet, a scroll of blinking, a +0 leather
                  | armour.
     0 | D:1      | Reached XP level 1. HP: 20/20 MP: 1/1
   182 | D:1      | Reached XP level 2. HP: 24/26 MP: 2/2
   575 | D:2      | Reached XP level 3. HP: 31/31 MP: 3/3
   625 | D:2      | Reached skill level 1 in Invocations
   712 | D:2      | Found a basalt altar of Yredelemnul.
   759 | D:2      | Reached skill level 1 in Short Blades
   759 | D:2      | Reached skill level 1 in Long Blades
   759 | D:2      | Reached skill level 1 in Axes
   759 | D:2      | Reached skill level 1 in Staves
   759 | D:2      | Reached skill level 1 in Ranged Weapons
   759 | D:2      | Reached skill level 1 in Throwing
   759 | D:2      | Reached skill level 1 in Armour
   759 | D:2      | Reached skill level 1 in Dodging
   759 | D:2      | Reached skill level 1 in Shields
   759 | D:2      | Reached skill level 1 in Unarmed Combat
   759 | D:2      | Reached skill level 1 in Spellcasting
   759 | D:2      | Reached skill level 1 in Evocations
   873 | D:2      | Reached XP level 4. HP: 37/38 MP: 5/5
   898 | D:2      | Noticed Jessica
   903 | D:2      | Killed Jessica
   904 | D:2      | Reached skill level 1 in Conjurations
   904 | D:2      | Reached skill level 1 in Hexes
   904 | D:2      | Reached skill level 1 in Summonings
   904 | D:2      | Reached skill level 1 in Necromancy
   904 | D:2      | Reached skill level 1 in Translocations
   904 | D:2      | Reached skill level 1 in Transmutations
   904 | D:2      | Reached skill level 1 in Fire Magic
   904 | D:2      | Reached skill level 1 in Ice Magic
   904 | D:2      | Reached skill level 1 in Air Magic
   904 | D:2      | Reached skill level 1 in Earth Magic
   904 | D:2      | Reached skill level 1 in Poison Magic
  1073 | D:2      | Found a runed translucent door.
  1074 | D:2      | Noticed Crazy Yiuf
  1377 | Abyss:1  | Cast into level 1 of the Abyss (Crazy Yiuf)
  1416 | Abyss:1  | Noticed a ynoxinul
  1446 | Abyss:1  | Noticed a tentacled starspawn
  1446 | Abyss:1  | Noticed a small abomination
  1450 | Abyss:1  | Noticed a ynoxinul
  1451 | Abyss:1  | Noticed a large abomination
  1473 | Abyss:1  | Mangled by a small abomination

Illustrated notes

Levels and vault maps discovered:
D:1:      dpeg_arrival_castle, layout_basic
D:2:      layout_rooms, basic_altar, feat_on_display, uniq_jessica,
          uniq_crazy_yiuf_cottage
Abyss:1:  base:
D:2

Skill      XL: |  1  2  3  4 |
---------------+-------------+-----
Invocations    | 1 |  1.4
Short Blades   | 1 |  1.2
Long Blades    | 1 |  1.2
Axes           | 1 |  1.2
Staves         | 1 |  1.2
Ranged Weapons | 1 |  1.2
Throwing       | 1 |  1.2
Armour         | 1 |  1.2
Dodging        | 1 |  1.2
Shields        | 1 |  1.2
Unarmed Combat | 1 |  1.2
Spellcasting   | 1 |  1.2
Evocations     | 1 |  1.2
Conjurations   | 1 |  1.0
Hexes          | 1 |  1.0
Summonings     | 1 |  1.0
Necromancy     | 1 |  1.0
Translocations | 1 |  1.0
Transmutations | 1 |  1.0
Fire Magic     | 1 |  1.0
Ice Magic      | 1 |  1.0
Air Magic      | 1 |  1.0
Earth Magic    | 1 |  1.0
Poison Magic   | 1 |  1.0
Fighting       | |  4.7
Maces & Flails | |  8.6
Polearms       | |  4.7
Stealth        | |  4.3

Action                     |  1- 3 |  4- 6 || total
---------------------------+-------+-------++-------
  Melee: Mace              |    72 |    23 ||    95
         Bite              |     4 |     2 ||     6
    Use: Scroll            |       |     7 ||     7
   Stab: Sleeping          |     5 |     4 ||     9
 Armour: Leather armour    |    24 |    12 ||    36
  Dodge: Dodged            |    65 |    14 ||    79

Table legend: (Time is in decaauts)
 A = Elapsed time spent in this place.
 B = Non-inter-level travel time spent in this place.
 C = Inter-level travel time spent in this place.
 D = Time resting spent in this place.
 E = Time spent auto-exploring this place.
 F = Levels seen in this place.
 G = Mean time per level.
                   A        B        C        D        E       F      G
               +--------+--------+--------+--------+--------+-----+--------+
         Total |   1470 |   1452 |     18 |    128 |    941 |   3 |  490.0 |
       Dungeon |   1374 |   1356 |     18 |    128 |    941 |   2 |  687.0 |
         Abyss |     95 |     95 |      0 |      0 |      0 |   1 |   95.0 |
               +--------+--------+--------+--------+--------+-----+--------+

Top non-repeatable levels by time:
     D:2: 802 daAuts
     D:1: 572 daAuts
 Abyss:1: 95 daAuts
